 Dungeon Crawl Stone Soup version 0.27-a0-448-gace5c5693b (webtiles) character file.

Game seed: 11576671595067370379

315179 dolemite99 the Swashbuckler (level 21, 0/168 HPs)
             Began as a Gnoll Wanderer on Feb 27, 2021.
             Was an Initiate of Gozag.
             Slain by a golden dragon (13 damage)
             ... while paralysed by a floating eye
             ... on level 3 of the Depths.
             The game lasted 02:05:58 (83774 turns).

dolemite99 the Swashbuckler (Gnoll Wanderer)       Turns: 83774, Time: 02:05:58

Health: 0/168      AC: 31    Str: 26    XL:     21   Next: 37%
Magic:  12/38      EV:  2    Int: 14    God:    Gozag
Gold:   6199       SH:  0    Dex: 21    Spells: 8/47 levels left

rFire    + . .     SeeInvis .   a - +6 double sword (vamp)
rCold    + . .     Faith    .   t - +1 kite shield {reflect}
rNeg     + . .     Spirit   .   i - quicksilver dragon scales
rPois    +         Reflect  +   R - +2 helmet
rElec    .         Harm     .   G - +1 cloak of Mezcal {*Corrode rPois rF+ Str+3}
rCorr    .         Rampage  .   k - +2 pair of gloves
Will     +++..                  y - +1 pair of boots {Fly}
Stlth    ++++++....             H - amulet "Niviruus" {Regen+ Dex+4}
HPRegen  1.38/turn              g - ring "Vorch" {rC+ rN+ Will+ Dex+3}
MPRegen  0.26/turn              A - ring of Vihoppum {AC+4 Str+6 Stlth+, =R}

@: paralysed, gold aura, flying, studying 2 skills
A: distributed training, fangs 1, strong nose
}: 2/15 runes: serpentine, barnacled
a: Stop Flying, Renounce Religion, Potion Petition, Call Merchant, Bribe Branch


You were on level 3 of the Depths.
You worshipped Gozag.
Gozag was greatly pleased with you.
You visited 8 branches of the dungeon, and saw 41 of its levels.
You also visited: Sewer and Bailey.

You collected 21694 gold pieces.
You spent 5155 gold pieces at shops.
You paid 10340 gold pieces to Gozag.

Inventory:

Hand Weapons
 a - a +6 vampiric double sword (weapon)
 b - the +6 hand crossbow "Fazob" {elec, rC+ Stlth+}
   (You bought it in a shop on level 4 of the Vaults)

   It charges the ammunition it shoots with electricity; occasionally upon a
   hit, such missiles may discharge and cause terrible harm.
   It protects you from cold.
   It makes you more stealthy.
 w - a +3 trishula of holy wrath
 Y - the +6 long sword "Deoch" {drain, SInv}
   (You found it on level 14 of the Dungeon)

   A truly terrible weapon, it drains the life of those it strikes.
   It lets you see invisible.
Missiles
 n - 710 bolts
 I - 49 silver javelins (quivered)
Armour
 i - quicksilver dragon scales (worn)
 k - a +2 pair of gloves (worn)
 t - a +1 kite shield of reflection (worn)
 y - a +1 pair of boots of flying (worn)
 G - the +1 cloak of Mezcal (worn) {*Corrode rPois rF+ Str+3}
   (You found it on level 5 of the Dungeon)

   It affects your strength (+3).
   It protects you from fire.
   It protects you from poison.
   It may corrode you when you take damage.
 R - a +2 helmet (worn)
Jewellery
 c - a ring of protection from fire
 g - the ring "Vorch" (left hand) {rC+ rN+ Will+ Dex+3}
   (You took it off a deep elf demonologist on level 3 of the Elven Halls)

   [ring of positive energy]

   It affects your dexterity (+3).
   It protects you from cold.
   It protects you from negative energy.
   It affects your willpower, your defense against some magical effects.
 q - a +4 ring of slaying
 A - the ring of Vihoppum (right hand) {AC+4 Str+6 Stlth+, =R}
   (You bought it in a shop on level 2 of the Elven Halls)

   [ring of protection]

   It affects your AC (+4).
   It affects your strength (+6).
   It makes you more stealthy.
 D - the ring "Zeva" {rC+ rN+ Will+ Str+3}
   (You took it off a deep elf sorcerer on level 3 of the Elven Halls)

   [ring of positive energy]

   It affects your strength (+3).
   It protects you from cold.
   It protects you from negative energy.
   It affects your willpower, your defense against some magical effects.
 H - the amulet "Niviruus" (around neck) {Regen+ Dex+4}
   (You bought it in a shop on level 3 of the Snake Pit)

   [amulet of regeneration]

   It affects your dexterity (+4).
   It increases your rate of regeneration.
 P - a ring of poison resistance
 V - a ring of resist corrosion
Wands
 e - a wand of paralysis (15)
 f - a wand of flame (23)
 x - a wand of mindburst (6)
 L - a wand of digging (25)
 Q - a wand of charming (4)
 W - a wand of polymorph (35)
Scrolls
 h - 6 scrolls of fear
 j - a scroll of brand weapon
 l - 5 scrolls of fog
 o - 15 scrolls of teleportation
 r - 26 scrolls of identify {@r1}
 v - 4 scrolls of magic mapping
 z - 8 scrolls of amnesia
 K - 2 scrolls of silence
 N - 5 scrolls of blinking
Potions
 p - 12 potions of might
 u - 27 potions of curing
 B - 3 potions of resistance
 C - 5 potions of flight
 E - 5 potions of brilliance
 J - 10 potions of heal wounds
 M - 4 potions of magic
 S - 3 potions of cancellation
 T - 5 potions of berserk rage
 X - 3 potions of ambrosia
 Z - 3 potions of invisibility
Miscellaneous
 m - a tin of tremorstones (2/2)
 s - a phial of floods
 F - a condenser vane
 O - a box of beasts (inert)
 U - a lightning rod (4/4)


   Skills:
 + Level 15.1 Fighting
 + Level 18.5 Short Blades
 + Level 13.9 Long Blades
 + Level 13.9 Axes
 + Level 13.9 Maces & Flails
 + Level 13.9 Polearms
 + Level 13.9 Staves
 + Level 13.9 Slings
 + Level 14.1 Bows
 + Level 13.9 Crossbows
 + Level 14.1 Throwing
 + Level 15.1 Armour
 + Level 14.1 Dodging
 + Level 13.9 Stealth
 + Level 13.9 Shields
 + Level 13.9 Unarmed Combat
 + Level 13.9 Spellcasting
 + Level 12.0 Conjurations
 + Level 12.0 Hexes
 + Level 12.1 Summonings
 + Level 12.0 Necromancy
 + Level 12.0 Translocations
 + Level 12.0 Transmutations
 + Level 12.0 Fire Magic
 + Level 12.0 Ice Magic
 + Level 12.0 Air Magic
 + Level 12.0 Earth Magic
 + Level 12.0 Poison Magic
 + Level 15.0 Invocations
 + Level 14.1 Evocations


You had 8 spell levels left.
You knew the following spells:

 Your Spells              Type           Power        Failure   Level
a - Summon Lightning Spi  Summ/Air       43%          1%          4
b - Summon Forest         Summ/Tloc      21%          1%          5
c - Summon Mana Viper     Hex/Summ       43%          1%          5
d - Mephitic Cloud        Conj/Pois/Air  43%          1%          3
e - Conjure Flame         Conj/Fire      43%          1%          3
f - Swiftness             Air            43%          1%          2
g - Apportation           Tloc           86%          1%          1
h - Inner Flame           Hex/Fire       43%          1%          3
i - Wereblood             Tmut           43%          1%          2
j - Blink                 Tloc           N/A          1%          2
k - Shadow Creatures      Summ           N/A          11%         6
l - Lesser Beckoning      Tloc           21%          1%          3

Your spell library contained the following spells:

 Spells                   Type           Power        Failure   Level
 Animate Skeleton         Necr           86%          1%          1
 Beastly Appendage        Tmut           86%          1%          1
 Foxfire                  Conj/Fire      100%         1%          1
 Freeze                   Ice            100%         1%          1
 Magic Dart               Conj           100%         1%          1
 Pain                     Necr           100%         1%          1
 Shock                    Conj/Air       100%         1%          1
 Sting                    Tmut/Pois      100%         1%          1
 Summon Small Mammal      Summ           100%         1%          1
 Call Imp                 Summ           43%          1%          2
 Corpse Rot               Necr/Air       N/A          1%          2
 Ensorcelled Hibernation  Hex/Ice        86%          1%          2
 Searing Ray              Conj           86%          1%          2
 Slow                     Hex            43%          1%          2
 Sublimation of Blood     Necr           21%          1%          2
 Call Canine Familiar     Summ           43%          1%          3
 Confusing Touch          Hex            43%          1%          3
 Dazzling Flash           Conj/Hex       86%          1%          3
 Frozen Ramparts          Ice            86%          1%          3
 Gell's Gravitas          Tloc           21%          1%          3
 Ignite Poison            Fire/Tmut/Pois 43%          1%          3
 Ozocubu's Armour         Ice            43%          1%          3
 Spider Form              Tmut/Pois      21%          1%          3
 Static Discharge         Conj/Air       43%          1%          3
 Summon Guardian Golem    Hex/Summ       43%          1%          3
 Tukima's Dance           Hex            43%          1%          3
 Vampiric Draining        Necr           21%          1%          3
 Airstrike                Air            21%          1%          4
 Animate Armour           Summ/Erth      86%          1%          4
 Animate Dead             Necr           21%          1%          4
 Fulminant Prism          Conj/Hex       21%          1%          4
 Hailstorm                Conj/Ice       43%          1%          4
 Ice Form                 Ice/Tmut       43%          1%          4
 Iskenderun's Mystic Bla  Conj/Tloc      43%          1%          4
 Petrify                  Tmut/Erth      43%          1%          4
 Sticky Flame             Conj/Fire      43%          1%          4
 Summon Ice Beast         Ice/Summ       43%          1%          4
 Agony                    Necr           43%          1%          5
 Alistair's Intoxication  Tmut/Pois      28%          1%          5
 Blade Hands              Tmut           21%          1%          5
 Fireball                 Conj/Fire      21%          1%          5
 Irradiate                Conj/Tmut      21%          1%          5
 Iskenderun's Battlesphe  Conj           43%          1%          5
 Lightning Bolt           Conj/Air       21%          1%          5
 Metabolic Englaciation   Hex/Ice        21%          1%          5
 Yara's Violent Unravell  Hex/Tmut       21%          1%          5
 Freezing Cloud           Conj/Ice/Air   21%          12%         6
 Hydra Form               Tmut           21%          12%         6
 Invisibility             Hex            43%          12%         6
 Simulacrum               Ice/Necr       21%          12%         6
 Starburst                Conj/Fire      21%          12%         6
 Statue Form              Tmut/Erth      28%          12%         6
 Spellforged Servitor     Conj/Summ      21%          52%         7
 Summon Hydra             Summ           21%          52%         7
 Dragon Form              Tmut           21%          54%         7
 Chain Lightning          Conj/Air       21%          99%         8
 Ignition                 Fire           21%          99%         8
 Lehudib's Crystal Spear  Conj/Erth      21%          99%         8
 Absolute Zero            Ice            21%          100%        9
 Dragon's Call            Summ           21%          100%        9
 Fire Storm               Conj/Fire      21%          100%        9
 Shatter                  Erth           21%          100%        9
 Tornado                  Air            21%          100%        9


Dungeon Overview and Level Annotations

Branches:
Dungeon (15/15)            Temple (0/1) D:7            Lair (6/6) D:10
 Shoals (4/4) Lair:2        Snake (4/4) Lair:2        Slime (0/5) Lair:6
    Orc (2/2) D:10            Elf (3/3) Orc:2        Vaults (4/5) D:14
  Crypt (0/3) Vaults:2     Depths (3/5) D:15          Sewer (visited)
 Bailey (visited)

Altars:
Gozag
Kikubaaqudgha
Nemelex Xobeh
Sif Muna
Vehumet
Xom
Beogh

Shops:
D:6 ?*![?   D:9 [*   Orc:2 (:=(?   Elf:2 :=?(   Elf:3 :   Shoals:4 *
Snake:3 =:=   Vaults:2 =!(?(   Vaults:4 (

Portals:
Hell: Depths:1 Depths:2
Abyss: Depths:1
Trove: Depths:1 (give 8 potions of haste)

Annotations:
D:15 Urug
Shoals:3 3 runed translucent doors, Neboiss's ghost, journeyman DrVM
Snake:3 exclusions: downstairs and 1 more exclusion
Elf:2 3 runed translucent doors
Vaults:1 1 runed translucent door, heteroy's ghost, veteran GrEE
Depths:2 1 runed translucent door, Qeapsu Xaesm's ghost, adept NaFi


Innate Abilities, Weirdness & Mutations

Your experience applies equally to all skills.
You have very sharp teeth.
Your uncanny sense of smell can sniff out nearby items.


Message History

The golden dragon breathes poison at you.
The blast of poison misses you.
The spark wasp looks even sicker.
The floating eye gazes piercingly through you!
You suddenly lose the ability to move!
The golden dragon burns!
The golden dragon stops burning.
Your mana viper bites the golden dragon!
The spark wasp is engulfed in poison gas.
The spark wasp looks even sicker.
The golden dragon bites you. The golden dragon claws you!
The golden dragon tramples you but does no damage.
Your mana viper completely misses the golden dragon.
The spark wasp is engulfed in poison gas.
The spark wasp looks as sick as possible!
The spark wasp stings you. The spark wasp shocks you!
The floating eye's stare focuses on you.
The golden dragon barely misses you.
The golden dragon claws you but does no damage.
The golden dragon tramples you but does no damage.
Your mana viper bites the spark wasp but does no damage.
The spark wasp is engulfed in poison gas.
The spark wasp looks as sick as possible!
The spark wasp stings you but does no damage.
The spark wasp is engulfed in poison gas.
The spark wasp looks as sick as possible!
The spark wasp bursts into living lightning!
The living lightning hits you!! x2; The spark wasp blinks! x2
The golden dragon bites you!!
* * * LOW HITPOINT WARNING * * *
The golden dragon claws you but does no damage.
The golden dragon tramples you but does no damage.
The great orb of eyes closely misses your mana viper.
The spark wasp stings you!
* * * LOW HITPOINT WARNING * * *
The spark wasp shocks you!
* * * LOW HITPOINT WARNING * * *
Your mana viper bites the golden dragon but does no damage.
Your mana viper closely misses the golden dragon.
The golden dragon bites you!
You die...
Your body crumbles into a pile of gold.

* * * ******* ##############
#.....#########............#
#.....#....>..#°y○.........#
+.....#.......#S@○.........#
#.....#.....>.+DS°.........##
#.....#...Hy..GG°...........#
#..[..#.u.................(.#
#.....#.GD###...#########...#
#.....#.$$#,##.##,*$*,+.#...#
#.....#G.y##,###,**+*+#.#...#
...uQ.#.D..##,,,***,*,#.#'#.#
...#..#.....#,∆,+,+,+,#.'.+.#


You could see a golden dragon (ally target), a great orb of eyes, a spark wasp
(extremely poisoned), a floating eye (charged) and 2 friendly mana vipers.

Vanquished Creatures
  Mennas (Vaults:2)
  2 deep elf master archers (Elf:3)
  2 deep elf blademasters (Elf:3)
  Polyphemus (Shoals:3)
  Donald (Lair:2)
  4 frost giants
  An azure jelly (Shoals:1)
  A fire giant (Depths:1)
  A vault warden (Vaults:2)
  4 deep elf sorcerers
  3 deep elf elementalists (Elf:3)
  3 ironheart preservers
  5 very ugly things
  8 deep elf demonologists
  A vampire knight (Depths:2)
  3 stone giants (Depths:2)
  7 deep elf annihilators
  5 dire elephants (Lair:6)
  A merfolk javelineer (Shoals:4)
  A mummy priest (Depths:2)
  3 deep elf death magi (Elf:3)
  Snorg (D:11)
  An ettin (Depths:3)
  A crystal guardian (Vaults:4)
  5 merfolk impalers
  3 fire dragons
  6 deep elf high priests (Elf:3)
  5 ice dragons
  4 yaktaur captains
  2 great orbs of eyes (shapeshifter)
  2 great orbs of eyes
  5 boulder beetles
  8 hydras
  A catoblepas (Shoals:3)
  5 vault guards
  4 rakshasas
  2 merfolk avatars
  4 naga warriors
  2 merfolk aquamancers (Shoals:4)
  5 ogre magi
  3 anacondas
  3 centaur warriors
  7 two-headed ogres
  An alligator snapping turtle (Shoals:4)
  4 deep troll shamans
  8 death yaks
  2 satyrs
  6 tengu warriors
  An orc high priest (Depths:2)
  6 deep troll earth magi
  A spriggan berserker (Depths:2)
  A vampire mage (Depths:2)
  2 hell hogs (Depths:1)
  Nergalle (Orc:2)
  A naga sharpshooter (Snake:3)
  2 shock serpents (Snake:1)
  13 deep elf knights
  4 skeletal warriors (Vaults:2)
  3 iron trolls
  3 unseen horrors
  A storm dragon skeleton (Vaults:3)
  2 wizards
  12 deep elf archers
  14 deep trolls
  9 sea snakes
  A glowing orange brain (Vaults:1)
  2 shadow demons (Depths:2)
  4 mana vipers
  2 naga ritualists
  7 orc knights
  A phantasmal warrior (Depths:2)
  5 ironbrand convokers
  11 harpies
  A necromancer (Elf:3)
  A wolf spider (D:14)
  21 deep elf zephyrmancers
  19 deep elf pyromancers
  16 fauns
  A tengu skeleton (Vaults:2)
  8 orc sorcerers
  22 ugly things
  A manticore (shapeshifter) (Depths:1)
  7 cyclopes
  15 manticores
  8 merfolk sirens
  A sphinx skeleton (Vaults:2)
  5 salamanders
  A water nymph (shapeshifter) (Vaults:1)
  A guardian serpent (Snake:3)
  A centaur zombie (D:15)
  12 elephants
  9 naga magi
  A black mamba (shapeshifter) (Vaults:3)
  24 black mambas
  4 water nymphs
  A vault sentinel (Vaults:1)
  2 gargoyles
  Maggie (D:8)
  A human (D:14)
  15 cane toads
  14 komodo dragons
  A rime drake (Lair:1)
  3 kobold demonologists
  2 freezing wraiths (Shoals:1)
  12 yaktaurs
  Psyche (D:7)
  7 human skeletons
  22 merfolk
  A troll (shapeshifter) (D:13)
  A queen bee (shapeshifter) (Depths:1)
  11 trolls
  5 polar bears
  A meliai (shapeshifter) (Depths:2)
  24 slime creatures
  7 wind drakes
  A tengu simulacrum (Vaults:3)
  21 blink frogs
  Grinder (D:3)
  2 hornets
  A raiju (shapeshifter) (Vaults:2)
  9 centaurs
  6 dream sheep
  9 snapping turtles
  2 centaur simulacra (D:15)
  A tarantella (shapeshifter) (Vaults:2)
  4 ettin skeletons (Vaults:2)
  25 yaks
  6 basilisks
  A wraith (Vaults:1)
  10 water elementals
  3 wyverns
  Grum (D:8)
  5 fire elementals
  A basilisk (shapeshifter) (Vaults:2)
  A yaktaur simulacrum (Vaults:2)
  A steam dragon (D:12)
  3 vampire mosquitoes
  14 nagas
  10 wargs
  13 water moccasins
  Duvessa (D:4)
  A large abomination (Elf:3)
  5 hell hounds (Depths:1)
  3 ice beasts
  A hornet zombie (D:8)
  6 sky beasts
  24 orc warriors
  2 human zombies (Vaults:3)
  2 black bears
  An eye of draining (D:8)
  7 necrophages (Lair:4)
  8 boggarts (Depths:2)
  25 wolves
  13 ogres
  5 kobold brigands
  A phantom (D:8)
  3 elf zombies (Elf:3)
  15 bullfrogs
  An earth elemental (Elf:1)
  9 gnoll sergeants
  A wyvern skeleton (D:14)
  2 scorpions
  Dowan (D:4)
  4 killer bees (D:11)
  A howler monkey (D:5)
  2 electric eels
  3 bullfrog zombies
  6 hounds
  3 centaur skeletons
  4 jellies
  18 orc priests
  7 gnoll shamans
  Jessica (D:2)
  Natasha (thrice) (D:3)
  8 iguanas
  34 orc wizards
  5 worker ants
  A hound skeleton (D:10)
  Robin (D:3)
  A howler monkey skeleton (D:4)
  18 adders
  30 gnolls
  4 shadow imps
  4 white imps
  2 ufetubi
  An adder skeleton (D:9)
  2 worms
  3 dart slugs
  8 leopard geckos
  96 orcs
  10 ball pythons
  14 bats
  A giant cockroach (shapeshifter) (Vaults:3)
  18 giant cockroaches
  13 goblins
  11 hobgoblins
  23 jackals
  5 quokkas
  A ball python skeleton (D:4)
  10 frilled lizards
  A giant cockroach zombie (D:4)
  A jackal skeleton (D:4)
  31 kobolds
  A quokka skeleton (D:4)
  13 rats
1289 creatures vanquished.

Vanquished Creatures (collateral kills)
  A caustic shrike (Depths:3)
  Vashnia (Snake:3)
  A vault warden (Vaults:2)
  Louise (Depths:1)
  A deep elf elementalist (Elf:3)
  4 very ugly things
  A deep elf demonologist (Elf:3)
  2 stone giants
  3 naga warriors
  2 merfolk javelineers (Shoals:4)
  An ettin (Depths:2)
  3 merfolk impalers (Shoals:4)
  A fire dragon (Depths:2)
  An ice dragon (Depths:2)
  2 vault guards (Depths:1)
  2 ogre magi
  A spriggan air mage (Depths:2)
  2 boulder beetles
  A rakshasa (Depths:1)
  4 two-headed ogres
  A death yak (Shoals:3)
  An alligator snapping turtle (Shoals:4)
  2 merfolk avatars
  2 tengu warriors
  A death knight (D:14)
  An anaconda (Snake:1)
  A deep troll shaman (Depths:1)
  An orc high priest (Depths:2)
  A deep troll earth mage (Depths:1)
  4 naga sharpshooters
  2 shock serpents (Snake:4)
  A salamander (Snake:4)
  A deep elf knight (Elf:2)
  A shadow wraith (Vaults:4)
  2 deep trolls
  3 sea snakes (Shoals:4)
  A naga ritualist (Snake:4)
  An ironbrand convoker (Vaults:3)
  An orc knight (D:15)
  4 deep elf pyromancers
  A deep elf zephyrmancer (Elf:3)
  A large abomination (Elf:3)
  A phantasmal warrior (Depths:2)
  3 necromancers
  3 wolf spiders
  A mana viper (Snake:1)
  A cyclops (D:14)
  8 ugly things
  4 manticores
  2 merfolk sirens
  A water nymph (Shoals:4)
  3 black mambas
  2 centaur zombies
  A guardian serpent (D:13)
  6 naga magi
  2 freezing wraiths
  An efreet (D:14)
  6 yaktaurs
  10 merfolk
  A wind drake (Shoals:4)
  9 slime creatures
  A snapping turtle (Shoals:4)
  A dream sheep (Shoals:3)
  A redback (Vaults:3)
  A tarantella (shapeshifter) (D:14)
  A water elemental (Shoals:3)
  4 humans
  3 vampire mosquitoes
  3 wargs
  4 hell hounds (Depths:1)
  12 nagas
  3 acid dragons
  4 orc warriors
  2 ice beasts (D:14)
  3 sky beasts (D:15)
  4 ogres
  3 bullfrogs
  2 bullfrog zombies (D:13)
  A jelly (D:11)
  5 centaur skeletons
  2 orc priests
  2 orc wizards (D:15)
  A hound skeleton (D:11)
  4 adders
  17 orcs
  A ball python (Snake:1)
  3 kobolds (D:11)
222 creatures vanquished.

Vanquished Creatures (others)
  Frederick (Vaults:3)
  Saint Roka (Snake:4)
  A tentacled monstrosity (Vaults:4)
  Agnes (Snake:4)
  3 nagarajas (Snake:4)
  A frost giant (Vaults:4)
  A vault warden (Vaults:3)
  An ironheart preserver (Vaults:3)
  A stone giant (Vaults:3)
  An entropy weaver (Vaults:3)
  Josephine (D:11)
  5 vault guards (Vaults:3)
  A deep troll (Vaults:3)
  2 naga warriors
  A merfolk aquamancer (Shoals:3)
  2 two-headed ogres
  14 dancing weapons
  3 naga sharpshooters (Snake:4)
  A deep elf knight (Elf:1)
  2 naga ritualists (Snake:4)
  2 skeletal warriors (Vaults:2)
  A sea snake (Snake:4)
  3 orc knights
  A death drake (shapeshifter) (Vaults:3)
  A deep elf archer (Vaults:3)
  A flayed ghost (Vaults:4)
  3 ironbrand convokers
  5 wizards
  2 deep elf zephyrmancers (Elf:1)
  A mana viper (Snake:4)
  2 necromancers
  3 manticores
  2 salamanders
  2 ugly things (Vaults:3)
  11 yaktaurs
  6 orc warriors
  14 naga magi
  2 guardian serpents (Snake:1)
  2 vault sentinels
  5 black mambas
  A stone giant skeleton (Vaults:2)
  A tengu conjurer (D:15)
  3 freezing wraiths
  A human skeleton (Vaults:2)
  A redback (Vaults:3)
  A wraith (D:11)
  11 humans
  2 orc priests
  14 nagas
  2 water moccasins (Snake:4)
  3 ogres
  2 wolves (Lair:1)
  4 centaurs (D:11)
  An electric eel (D:14)
  4 orc wizards
  15 orcs
  46 fungi
  124 plants
  4 snaplasher vines
353 creatures vanquished.

Grand Total: 1864 creatures vanquished

Notes
Turn   | Place    | Note
-------+----------+-------------------------------------------
     0 | D:1      | dolemite99 the Gnoll Wanderer began the quest for the Orb.
     0 | D:1      | dolemite99 set off with the following items: a +0 shortbow,
                  | a +2 scale mail, 26 arrows, a potion of lignification
     0 | D:1      | Reached XP level 1. HP: 23/23 MP: 1/1
    44 | D:1      | Reached XP level 2. HP: 28/29 MP: 2/2
   738 | D:1      | Reached XP level 3. HP: 32/35 MP: 3/3
  1205 | D:2      | Reached skill level 1 in Invocations
  1397 | D:2      | Reached skill level 1 in Short Blades
  1397 | D:2      | Reached skill level 1 in Long Blades
  1397 | D:2      | Reached skill level 1 in Axes
  1397 | D:2      | Reached skill level 1 in Maces & Flails
  1397 | D:2      | Reached skill level 1 in Polearms
  1397 | D:2      | Reached skill level 1 in Staves
  1397 | D:2      | Reached skill level 1 in Slings
  1397 | D:2      | Reached skill level 1 in Crossbows
  1397 | D:2      | Reached skill level 1 in Stealth
  1397 | D:2      | Reached skill level 1 in Shields
  1397 | D:2      | Reached skill level 1 in Unarmed Combat
  1397 | D:2      | Reached skill level 1 in Spellcasting
  1483 | D:2      | Reached XP level 4. HP: 40/41 MP: 5/5
  1743 | D:2      | Noticed Jessica
  1746 | D:2      | Killed Jessica
  1747 | D:2      | Reached skill level 1 in Conjurations
  1747 | D:2      | Reached skill level 1 in Hexes
  1747 | D:2      | Reached skill level 1 in Summonings
  1747 | D:2      | Reached skill level 1 in Necromancy
  1747 | D:2      | Reached skill level 1 in Translocations
  1747 | D:2      | Reached skill level 1 in Transmutations
  1747 | D:2      | Reached skill level 1 in Fire Magic
  1747 | D:2      | Reached skill level 1 in Ice Magic
  1747 | D:2      | Reached skill level 1 in Air Magic
  1747 | D:2      | Reached skill level 1 in Earth Magic
  1747 | D:2      | Reached skill level 1 in Poison Magic
  2146 | D:2      | Reached XP level 5. HP: 47/47 MP: 6/6
  2418 | D:3      | Noticed Grinder
  2429 | D:3      | Paralysed by Grinder for 2 turns
  2432 | D:3      | Killed Grinder
  2433 | D:3      | Reached skill level 2 in Short Blades
  2433 | D:3      | Reached XP level 6. HP: 53/53 MP: 7/9
  2477 | D:3      | Noticed Natasha
  2484 | D:3      | Killed Natasha
  2551 | D:3      | Reached XP level 7. HP: 44/59 MP: 10/10
  3042 | D:3      | Noticed Natasha
  3057 | D:3      | Killed Natasha
  3219 | D:3      | Noticed Natasha
  3537 | D:3      | Killed Natasha
  4319 | D:3      | Noticed Robin
  4324 | D:3      | Killed Robin
  4610 | D:4      | Found a glowing drain.
  4632 | Sewer    | Entered a sewer
  4972 | Sewer    | Identified the +1 ring mail of Mezcal {+Fly Will+}
  5247 | D:4      | Noticed Dowan
  5250 | D:4      | Noticed Duvessa
  5258 | D:4      | Killed Dowan
  5259 | D:4      | Reached XP level 8. HP: 67/67 MP: 12/12
  5280 | D:4      | Killed Duvessa
  5281 | D:4      | Reached skill level 3 in Short Blades
  6176 | D:5      | Entered Level 5 of the Dungeon
  7126 | D:5      | Identified the +1 cloak of Mezcal {*Corrode rPois rF+
                  | Str+3}
  7183 | D:6      | Found Wazejimo's General Store.
  7186 | D:6      | Bought a potion of invisibility for 104 gold pieces
  7186 | D:6      | Bought a scroll of identify for 26 gold pieces
  7346 | D:6      | Reached skill level 4 in Short Blades
  7659 | D:6      | Found Zixokk's Antique Armour Emporium.
  7703 | D:6      | Reached XP level 9. HP: 73/73 MP: 14/14
  7723 | D:6      | Found an opulent altar of Gozag.
  7838 | D:6      | Became a worshipper of Gozag Ym Sagoz the Greedy
  7876 | D:6      | Found Ydaenaoc's Magic Scroll Boutique.
  7917 | D:6      | Bought a scroll of fear for 45 gold pieces
  7917 | D:6      | Bought a scroll of teleportation for 39 gold pieces
  7922 | D:6      | Bought a scroll of identify for 26 gold pieces
  7989 | D:6      | Found Comia's Distillery.
  8085 | D:6      | Found Hituxkiss's Magic Scroll Emporium.
  8653 | D:7      | Found a staircase to the Ecumenical Temple.
  9084 | D:7      | Reached skill level 5 in Bows
  9084 | D:7      | Reached skill level 5 in Throwing
  9084 | D:7      | Reached skill level 5 in Dodging
  9084 | D:7      | Reached skill level 5 in Evocations
  9242 | D:7      | Reached skill level 5 in Short Blades
  9924 | D:8      | Noticed a two-headed ogre
  9947 | D:8      | Reached skill level 5 in Invocations
 10296 | D:8      | Reached XP level 10. HP: 60/80 MP: 17/17
 10540 | D:8      | Noticed Psyche
 10612 | D:8      | Noticed Grum
 10640 | D:7      | Reached skill level 6 in Short Blades
 11007 | D:7      | Killed Psyche
 11008 | D:7      | Reached skill level 5 in Long Blades
 11008 | D:7      | Reached skill level 5 in Axes
 11008 | D:7      | Reached skill level 5 in Maces & Flails
 11008 | D:7      | Reached skill level 5 in Polearms
 11008 | D:7      | Reached skill level 5 in Staves
 11008 | D:7      | Reached skill level 5 in Slings
 11008 | D:7      | Reached skill level 5 in Crossbows
 11008 | D:7      | Reached skill level 5 in Stealth
 11008 | D:7      | Reached skill level 5 in Shields
 11008 | D:7      | Reached skill level 5 in Unarmed Combat
 11008 | D:7      | Reached skill level 5 in Spellcasting
 11217 | D:8      | Killed Grum
 11685 | D:8      | Found an ancient bone altar of Kikubaaqudgha.
 12053 | D:8      | Found a stormy altar of Qazlal.
 12053 | D:8      | Found a radiant altar of Vehumet.
 12155 | D:8      | Found a shimmering altar of Xom.
 12155 | D:8      | Found a stormy altar of Qazlal.
 12155 | D:8      | Found a shimmering altar of Xom.
 12230 | D:8      | Noticed Maggie
 12232 | D:8      | Paralysed by Maggie for 5 turns
 12246 | D:8      | Killed Maggie
 14235 | D:9      | Identified a scroll of acquirement
 14236 | D:9      | Acquired 1297 gold pieces
 14551 | D:9      | Found Ititu's Assorted Antiques.
 14713 | D:9      | Bought a pair of runed boots for 217 gold pieces
 14720 | D:9      | Bought a runed plate armour for 754 gold pieces
 14733 | D:9      | Bought a brightly glowing cloak for 275 gold pieces
 14733 | D:9      | Identified the +3 cloak of Impressiveness {+Inv Regen+
                  | Slay-2 SInv} (You bought it in a shop on level 9 of the
                  | Dungeon)
 14741 | D:10     | Entered Level 10 of the Dungeon
 14797 | D:10     | Reached skill level 7 in Short Blades
 14963 | D:10     | Found a staircase to the Lair.
 15070 | D:10     | Found a staircase to the Orcish Mines.
 15279 | D:10     | Killed an unseen horror
 15280 | D:10     | Reached XP level 11. HP: 82/87 MP: 19/19
 15546 | D:11     | Noticed a cyclops
 15546 | D:11     | Noticed a cyclops
 15565 | D:11     | Noticed Snorg
 15625 | Lair:1   | Entered Level 1 of the Lair of Beasts
 16379 | Lair:1   | Reached skill level 5 in Conjurations
 16379 | Lair:1   | Reached skill level 5 in Hexes
 16379 | Lair:1   | Reached skill level 5 in Summonings
 16379 | Lair:1   | Reached skill level 5 in Necromancy
 16379 | Lair:1   | Reached skill level 5 in Translocations
 16379 | Lair:1   | Reached skill level 5 in Transmutations
 16379 | Lair:1   | Reached skill level 5 in Fire Magic
 16379 | Lair:1   | Reached skill level 5 in Ice Magic
 16379 | Lair:1   | Reached skill level 5 in Air Magic
 16379 | Lair:1   | Reached skill level 5 in Earth Magic
 16379 | Lair:1   | Reached skill level 5 in Poison Magic
 16556 | Lair:1   | Noticed an eight-headed hydra
 16563 | Lair:1   | Killed an eight-headed hydra
 16564 | Lair:1   | Reached skill level 8 in Short Blades
 17654 | Lair:1   | Reached skill level 9 in Short Blades
 18110 | Lair:2   | Reached XP level 12. HP: 74/96 MP: 22/22
 18538 | Lair:2   | Found a staircase to the Snake Pit.
 19833 | Lair:2   | Found a staircase to the Shoals.
 20354 | Lair:3   | Identified the +6 war axe "Dosot" {speed, rPois Str-3
                  | Stlth+}
 20625 | Lair:3   | Learned a level 2 spell: Swiftness
 20826 | Lair:3   | Noticed a six-headed hydra
 20846 | Lair:3   | Killed a six-headed hydra
 22768 | Lair:4   | Reached skill level 10 in Short Blades
 22772 | Lair:4   | Reached skill level 10 in Fighting
 22772 | Lair:4   | Reached skill level 10 in Armour
 23760 | Lair:4   | Noticed a six-headed hydra
 23779 | Lair:4   | Killed a six-headed hydra
 23780 | Lair:4   | Reached XP level 13. HP: 60/103 MP: 24/24
 26393 | Lair:5   | Reached skill level 11 in Short Blades
 27923 | Lair:6   | Entered Level 6 of the Lair of Beasts
 28517 | Lair:6   | Found a gate leading to a gauntlet.
 29252 | Lair:6   | Reached XP level 14. HP: 111/111 MP: 26/26
 29366 | Lair:6   | Found a staircase to the Slime Pits.
 30590 | Lair:6   | Noticed a dire elephant
 30601 | Lair:6   | Killed a dire elephant
 30741 | Lair:6   | Noticed a dire elephant
 30741 | Lair:6   | Noticed a dire elephant
 30742 | Lair:6   | Found the +10 tower shield of Ignorance {rN+ Int-4}
 30761 | Lair:6   | Killed a dire elephant
 30765 | Lair:6   | Killed a dire elephant
 30766 | Lair:6   | Reached skill level 12 in Short Blades
 30906 | Lair:6   | Noticed a dire elephant
 30931 | Lair:6   | Killed a dire elephant
 31522 | Lair:6   | Noticed a dire elephant
 31532 | Lair:6   | Killed a dire elephant
 32239 | Orc:1    | Entered Level 1 of the Orcish Mines
 32261 | Orc:1    | Reached skill level 10 in Invocations
 32354 | Orc:1    | Found a flagged portal.
 32377 | Bailey   | Entered a bailey
 33669 | Orc:2    | Entered Level 2 of the Orcish Mines
 33872 | Orc:2    | Found a staircase to the Elven Halls.
 34448 | Orc:2    | Found a roughly hewn altar of Beogh.
 34792 | Orc:2    | Found Denummur's Weapon Emporium.
 35260 | Orc:2    | Paralysed by an orc sorcerer for 4 turns
 35276 | Orc:2    | Paralysed by an orc sorcerer for 2 turns
 35419 | Orc:2    | Paralysed by an orc sorcerer for 6 turns
 35746 | Orc:2    | Paralysed by an orc sorcerer for 7 turns
 36097 | Orc:2    | Found Oxkoadad's Book Shop.
 37133 | Orc:2    | Found a radiant altar of Vehumet.
 37592 | Orc:2    | Noticed Nergalle
 37606 | Orc:2    | Killed Nergalle
 37780 | Orc:2    | Paralysed by an orc sorcerer for 3 turns
 37889 | Orc:2    | Found an ancient bone altar of Kikubaaqudgha.
 38224 | Orc:2    | Found a roughly hewn altar of Beogh.
 38224 | Orc:2    | Found Urhungep's Jewellery Boutique.
 38224 | Orc:2    | Found Inyduo's Antique Weapon Shop.
 38242 | Orc:2    | Found Hooh's Magic Scroll Shop.
 38696 | D:6      | Bought a potion of heal wounds for 75 gold pieces
 38696 | D:6      | Bought a potion of might for 60 gold pieces
 38696 | D:6      | Bought a potion of might for 60 gold pieces
 38696 | D:6      | Bought a potion of might for 60 gold pieces
 38696 | D:6      | Bought a potion of might for 60 gold pieces
 38696 | D:6      | Bought a potion of might for 60 gold pieces
 38696 | D:6      | Bought a potion of cancellation for 120 gold pieces
 38696 | D:6      | Bought a potion of curing for 45 gold pieces
 38696 | D:6      | Bought a potion of curing for 45 gold pieces
 38835 | D:11     | Noticed Josephine
 38839 | D:11     | Your ally died
 39138 | D:11     | Killed Snorg
 39139 | D:11     | Reached skill level 10 in Bows
 39139 | D:11     | Reached skill level 10 in Throwing
 39139 | D:11     | Reached skill level 10 in Dodging
 39139 | D:11     | Reached skill level 10 in Evocations
 39809 | D:12     | Reached XP level 15. HP: 119/119 MP: 28/28
 40073 | D:12     | Noticed Urug
 40115 | D:12     | Identified the +2 scale mail of Vexation {MP+9 Dex+4
                  | Stlth-}
 41075 | D:13     | Reached skill level 13 in Short Blades
 41547 | D:13     | Identified the +5 quarterstaff "Ystuatosch" {speed, rF-
                  | rN++}
 43281 | D:14     | Identified the +4 scale mail "Qaanuttyopn" {rF++ Str+2
                  | Int+2}
 43721 | D:14     | Reached skill level 10 in Long Blades
 43721 | D:14     | Reached skill level 10 in Axes
 43721 | D:14     | Reached skill level 10 in Maces & Flails
 43721 | D:14     | Reached skill level 10 in Polearms
 43721 | D:14     | Reached skill level 10 in Staves
 43721 | D:14     | Reached skill level 10 in Slings
 43721 | D:14     | Reached skill level 10 in Crossbows
 43721 | D:14     | Reached skill level 10 in Stealth
 43721 | D:14     | Reached skill level 10 in Shields
 43721 | D:14     | Reached skill level 10 in Unarmed Combat
 43721 | D:14     | Reached skill level 10 in Spellcasting
 44053 | D:14     | Identified the +1 ring mail "Pistrywn" {rElec Will+ Int+2}
 44392 | D:14     | Found a gate to the Vaults.
 44397 | D:14     | Identified the +6 long sword "Deoch" {drain, SInv}
 45022 | D:15     | Entered Level 15 of the Dungeon
 45577 | D:15     | Found a shimmering altar of Xom.
 46013 | D:15     | Found a staircase to the Depths.
 46718 | Snake:1  | Entered Level 1 of the Snake Pit
 46718 | Snake:1  | Noticed Donald
 46736 | Lair:2   | Killed Donald
 48192 | Snake:1  | Reached XP level 16. HP: 127/127 MP: 30/30
 49694 | Snake:2  | Noticed a nagaraja
 49926 | Snake:2  | Reached skill level 14 in Short Blades
 50577 | Snake:3  | Found Pimnugh's Jewellery Shop.
 50580 | Snake:3  | Found Conijir's Book Emporium.
 50581 | Snake:3  | Found Keawn's Jewellery Shop.
 50592 | Snake:3  | Learned a level 1 spell: Apportation
 50595 | Snake:3  | Learned a level 2 spell: Wereblood
 50599 | Snake:3  | Learned a level 3 spell: Lesser Beckoning
 50603 | Snake:3  | Learned a level 3 spell: Conjure Flame
 50628 | Snake:3  | Bought a +4 ring of protection for 576 gold pieces
 50643 | Snake:3  | Bought the amulet "Niviruus" {Regen+ Dex+4} for 862 gold
                  | pieces
 50975 | Snake:3  | Noticed Vashnia
 51562 | Snake:4  | Entered Level 4 of the Snake Pit
 51604 | Snake:3  | Killed Vashnia
 51650 | Snake:4  | Noticed Saint Roka
 51654 | Snake:4  | Noticed a nagaraja
 51666 | Snake:4  | Noticed a nagaraja
 51696 | Snake:4  | Killed Saint Roka
 51990 | Snake:4  | Noticed Agnes
 52276 | Snake:4  | Killed Agnes
 52291 | Snake:4  | Killed a nagaraja
 52390 | Snake:4  | Killed a nagaraja
 52484 | Snake:4  | Noticed a nagaraja
 52584 | Snake:4  | Noticed a nagaraja
 53481 | Snake:4  | Got a serpentine rune of Zot
 53703 | Shoals:1 | Entered Level 1 of the Shoals
 54483 | Shoals:1 | Noticed an azure jelly
 54493 | Shoals:1 | Killed an azure jelly
 54818 | Shoals:2 | Reached XP level 17. HP: 129/135 MP: 32/32
 56180 | Shoals:1 | Learned a level 4 spell: Summon Lightning Spire
 56626 | Shoals:2 | Reached skill level 15 in Short Blades
 57438 | Shoals:3 | Found a runed translucent gate.
 57438 | Shoals:3 | Found a runed translucent gate.
 57439 | Shoals:3 | Found a runed translucent gate.
 57440 | Shoals:3 | Noticed Neboiss's ghost (journeyman DrVM)
 57459 | Shoals:3 | Noticed Polyphemus
 58248 | Vaults:1 | Entered Level 1 of the Vaults
 58582 | Vaults:1 | Found a runed translucent door.
 58584 | Vaults:1 | Noticed heteroy's ghost (veteran GrEE)
 58898 | Vaults:1 | Reached skill level 10 in Conjurations
 58898 | Vaults:1 | Reached skill level 10 in Hexes
 58898 | Vaults:1 | Reached skill level 10 in Summonings
 58898 | Vaults:1 | Reached skill level 10 in Necromancy
 58898 | Vaults:1 | Reached skill level 10 in Translocations
 58898 | Vaults:1 | Reached skill level 10 in Transmutations
 58898 | Vaults:1 | Reached skill level 10 in Fire Magic
 58898 | Vaults:1 | Reached skill level 10 in Ice Magic
 58898 | Vaults:1 | Reached skill level 10 in Air Magic
 58898 | Vaults:1 | Reached skill level 10 in Earth Magic
 58898 | Vaults:1 | Reached skill level 10 in Poison Magic
 59484 | Vaults:1 | Reached XP level 18. HP: 143/143 MP: 29/33
 59950 | Vaults:2 | Found Joattux's Antique Weapon Boutique.
 60041 | Vaults:2 | Noticed Mennas
 60834 | Vaults:2 | Found Lekkyl's Magic Scroll Shoppe.
 61304 | Vaults:2 | Learned a level 5 spell: Summon Mana Viper
 61426 | Vaults:2 | Found Nosiutirr's Distillery.
 61741 | Vaults:2 | Found a staircase to the Crypt.
 61880 | Vaults:2 | Found Nitsuzy's Jewellery Emporium.
 62138 | Vaults:2 | Killed Mennas
 62139 | Vaults:2 | Reached skill level 16 in Short Blades
 62920 | Vaults:2 | Found Arphiol's Weapon Shoppe.
 63281 | Vaults:3 | Killed Frederick
 64497 | Vaults:3 | You fall into a shaft and drop 1 floor!
 64497 | Vaults:4 | Found Qivvesch's Antique Weapon Emporium.
 64520 | Vaults:4 | Bought a glimmering hand crossbow for 374 gold pieces
 64520 | Vaults:4 | Identified the +6 hand crossbow "Fazob" {elec, rC+ Stlth+}
                  | (You bought it in a shop on level 4 of the Vaults)
 64899 | Vaults:4 | Noticed a tentacled monstrosity
 64911 | Vaults:4 | Killed a tentacled monstrosity
 66250 | Elf:1    | Entered Level 1 of the Elven Halls
 66892 | Elf:1    | Found a magical portal.
 67470 | Elf:1    | Reached XP level 19. HP: 151/151 MP: 35/35
 67825 | Elf:1    | Identified the Disquisition on Battle Magic
 67905 | Elf:1    | Learned a level 3 spell: Inner Flame
 68117 | Elf:2    | Found Xetwionn's Weapon Shop.
 68117 | Elf:2    | Found Okayrem's Magic Scroll Shop.
 68127 | Elf:2    | Bought 2 scrolls of fear for 105 gold pieces
 68175 | Elf:2    | Noticed a Brimstone Fiend
 68233 | Elf:2    | Identified the +0 plate armour "Hopt" {rElec Will+ Regen+}
 68413 | Elf:2    | Found a runed translucent gate.
 68415 | Elf:2    | Found a runed translucent gate.
 68416 | Elf:2    | Found a runed translucent gate.
 68760 | Elf:2    | Found Efyatyb's Jewellery Shoppe.
 68763 | Elf:2    | Bought a ring of protection from fire for 350 gold pieces
 68763 | Elf:2    | Bought the ring of Vihoppum {AC+4 Str+6 Stlth+} for 817
                  | gold pieces
 68972 | Elf:2    | Found Segar's Book Boutique.
 69005 | Elf:2    | Learned a level 5 spell: Summon Forest
 69218 | Elf:2    | Upgraded the game from 0.27-a0-423-gf312af23e9 to
                  | 0.27-a0-448-gace5c5693b
 69235 | Elf:3    | Entered Level 3 of the Elven Halls
 70309 | Elf:3    | Reached skill level 17 in Short Blades
 70475 | Elf:3    | Identified the +1 scythe "Utullet" {vorpal, rC+ Will+}
 70475 | Elf:3    | Identified the ring "Vorch" {rC+ rN+ Will+ Dex+3}
 70821 | Elf:3    | Found Huseh's Book Boutique.
 71011 | Elf:3    | Identified the Papyrus of Necromancy
 71316 | Elf:3    | Identified the +3 battleaxe of Shrieking Forgiveness
                  | {speed, rN+ Str+7}
 71322 | Elf:3    | Identified the ring "Zeva" {rC+ rN+ Will+ Str+3}
 71832 | Elf:3    | Identified the +3 ring mail of Imperfection {rElec}
 71871 | Elf:3    | Noticed a Brimstone Fiend
 72196 | Elf:3    | Reached XP level 20. HP: 154/160 MP: 35/37
 72335 | Elf:3    | Identified the +3 quarterstaff of Evolution {vorpal, rPois
                  | rF+ rC+}
 72907 | Elf:3    | Identified the Volume of Poisonous Lightness
 72911 | Elf:3    | Identified the +4 hunting sling of the Morning {venom,
                  | Fragile rElec rF+ SInv}
 73067 | Elf:3    | Learned a level 2 spell: Blink
 73352 | Shoals:3 | Killed Polyphemus
 73994 | Shoals:4 | Entered Level 4 of the Shoals
 74382 | Shoals:4 | Found Zomezec's General Store.
 75674 | Shoals:4 | Got a barnacled rune of Zot
 75944 | Shoals:4 | Identified Buuschow's Volume of Frigorific Venom
 76853 | Shoals:4 | Learned a level 6 spell: Shadow Creatures
 77100 | Depths:1 | Entered Level 1 of the Depths
 77688 | Depths:1 | Noticed Louise
 77716 | Depths:1 | Killed Louise
 77872 | Depths:1 | Found a one-way gate to the infinite horrors of the Abyss.
 78006 | Depths:1 | Reached skill level 18 in Short Blades
 79422 | Depths:1 | Found a portal to a secret trove of treasure.
 79547 | Depths:1 | Found a gateway to Hell.
 79825 | Depths:1 | Found a sparkling altar of Nemelex Xobeh.
 80282 | Depths:2 | Learned a level 3 spell: Mephitic Cloud
 80525 | Depths:2 | Reached XP level 21. HP: 165/167 MP: 34/38
 80578 | Depths:2 | Found a shimmering blue altar of Sif Muna.
 80606 | Depths:2 | Identified the amulet "Piuhiack" {RegenMP *Slow rElec rC-
                  | Int+7}
 81386 | Depths:2 | Identified Mnoleg's Grimoire of Companions
 81392 | Depths:2 | Identified Paidgheul's Guide on the Entourage
 81564 | Depths:2 | Found a runed translucent door.
 81564 | Depths:2 | Found a shimmering altar of Xom.
 81564 | Depths:2 | Noticed Qeapsu Xaesm's ghost (adept NaFi)
 82109 | Depths:2 | Acquired 559 gold pieces
 82462 | Depths:2 | Reached skill level 15 in Fighting
 82462 | Depths:2 | Reached skill level 15 in Armour
 83295 | Depths:3 | Reached skill level 15 in Invocations
 83738 | Depths:3 | Noticed a caustic shrike
 83742 | Depths:3 | Noticed a golden dragon
 83757 | Depths:3 | Killed a caustic shrike
 83770 | Depths:3 | Paralysed by a floating eye for 4 turns
 83774 | Depths:3 | Slain by a golden dragon

Illustrated notes

Levels and vault maps discovered:
D:1:      minmay_arrival_cross, layout_rooms
D:2:      layout_loops_corners, mrwooster_statue_mirror,
          minmay_rat_gold_closets, uniq_jessica
D:3:      layout_loops_cross, serial_bayou, serial_bayou_pond_b,
          serial_bayou_pond_d, serial_bayou_ford_a, serial_bayou_pond_d,
          serial_bayou_pond_a, uniq_natasha, uniq_grinder, uniq_robin
D:4:      layout_loops_cross, gup_sewer_entry_glass, uniq_duvessa
D:5:      layout_rooms, minmay_manual_mail
D:6:      layout_basic, kennysheep_mini_moat, serial_shops,
          nicolae_shop_statue_plus, kennysheep_mini, shop_fountains,
          nicolae_shop_statue_plus, shop
D:7:      layout_gridville, minmay_temple_entry_enclosed_plants
D:8:      layout_rooms, doesnt_xom_only_xom, uniq_grum, uniq_maggie, uniq_psyche
D:9:      layout_cave_pools, serial_shops, shop
D:10:     layout_rooms, david_lair_generic, david_orc_2, minivault_22,
          grunt_decor_mini_mirrors
D:11:     layout_rooms, amcnicky_mini_corridor_feature, uniq_josephine,
          uniq_snorg
D:12:     layout_basic, uniq_urug
D:13:     nrook_guardian_serpent_snake_passage, layout_basic
D:14:     minmay_ambush_box, layout_loops_cross, grunt_vaults_entry_tiered,
          minivault_14
D:15:     grunt_enter_depths_magical_seal, layout_loops_ring, basic_altar,
          skrybe_limestone_x
Lair:1:   layout_concentric_octagons, serial_bayou_lagoon_a, grunt_megastairs_3,
          serial_bayou_shore_a
Lair:2:   layout_long_grid, elwin_shoals_entry_rocks,
          guppyfry_snake_entry_garden
Lair:3:   layout_cave_pods, minivault_25, nicolae_quartered_pool_medium
Lair:4:   layout_roguey, roderic_carrion_pond
Lair:5:   layout_regular_city, beast_lair_carwin_10
Lair:6:   due_jungle_book, layout_concentric_octagons,
          minmay_slime_entry_pillars, gauntlet_entry_generic,
          serial_bayou_shore_b, grunt_megastairs_5
Shoals:1: layout_shoals, portal_ice_cave_entry_frozen_things,
          nicolae_shoals_wave_tunnel
Shoals:2: layout_shoals
Shoals:3: layout_shoals, gammafunk_ghost_tricky_traps, uniq_polyphemus
Shoals:4: shoals_end_grunt_ice, layout_shoals, serial_shops, shop
Snake:1:  nicolae_snake_hallway, layout_cave_shapes,
          hangedman_snake_corridor_cut, uniq_donald
Snake:2:  layout_cave_town
Snake:3:  layout_gridlike, minmay_shop_grove, grunt_megastairs_4, uniq_vashnia
Snake:4:  snake_pit, layout_onion_interference, minmay_snake_pond, uniq_agnes,
          uniq_saint_roka
Orc:1:    layout_caves, enter_bailey_2, nicolae_orc_stony_grotto, mines5_lemuel
Orc:2:    kennysheep_orc_mage_school, layout_caves, basic_altar, serial_shops,
          shop_coins, mines2_lemuel
Elf:1:    layout_geoelf_diagonals, mu_enter_wizlab_6, minmay_elf_annihilation,
          drop_trap, st_stairs_5, small_statue_intersection
Elf:2:    layout_geoelf_grid, serial_shops, nicolae_shop_behind_doors, shop,
          shop_fountains, shop, st_stairs_5, abandoned_shop,
          serial_sigils_hangedman_scar
Elf:3:    minmay_elf_hall_not_hex, layout_geoelf_diagonals, serial_shops, shop,
          minmay_elf_necromancy, uniq_louise
Vaults:1: gammafunk_vaults_ghost_grave, dpeg_vaults_monster_row,
          vaults_room_large_hall, v_misc_22, nicolae_vaults_circle_grid_a,
          vaults_dpeg_diagonal, ontoclasm_vaults_eye,
          nicolae_vaults_stairing_the_circle, ontoclasm_vaults_fault,
          vaults_mumra_lcd, hangedman_vaults_cutoff, layout_vaults_big_cross
Vaults:2: v_misc_15, minmay_crypt_entry_skeletal_spiral,
          vaults_room_ringed_pool, v_misc_12, v_misc_25, grunt_vaults_focal,
          hangedman_vaults_nodes, grunt_vaults_twisty, v_misc_17, v_misc_11,
          layout_vaults_ring, serial_shops, shop_statue, shop, shop, shop, shop,
          uniq_mennas
Vaults:3: nicolae_vaults_mini_display_case, ontoclasm_vaults_claustrophobia,
          v_misc_9, nicolae_vaults_little_squares_4,
          vaults_room_grunt_arrival_checkpoint,
          nicolae_vaults_windows_and_doors_thing, v_misc_22,
          nicolae_vaults_three_branches, vaults_dpeg_cross,
          layout_vaults_quadrants, uniq_frederick
Vaults:4: hangedman_vaults_stitches, nicolae_vaults_specimen_jars,
          nicolae_vaults_little_ls, st_cross, v_misc_14, v_misc_15,
          hangedman_vaults_slice, v_misc_16, grunt_vaults_hallway_short,
          ontoclasm_vaults_ring_large, ontoclasm_vaults_loading_screen,
          hangedman_vaults_cutoff, layout_vaults_big_room, serial_shops, shop
Depths:1: layout_roguey, enter_trove_5, roderic_lattice_a, grunt_hell_horde,
          nicolae_abyss_entry_one_way_or_another, nemelex_altar_shiori
Depths:2: kennysheep_cluttered_fort, layout_honeycomb, hell_entry,
          ebering_ghost_xom, hangedman_summoners_spam,
          infiniplex_staircase_pool_2
Depths:3: minmay_swirls_squares, layout_gridville,
          infiniplex_staircase_door_maze, minmay_room_of_horrors,
          grunt_hell_entry_dis_grunt, grunt_pan_entry_in_and_out, special_room
          [special_room_mythical_zoo], serial_bayou_shore_b,
          serial_bayou_shore_b, uniq_xtahua

Skill      XL: |  1  2  3  4  5  6  7  8  9 10 11 12 13 14 15 16 17 18 19 20 21 |
---------------+----------------------------------------------------------------+-----
Invocations    | 1 2 3 4 5 6 7 8 9 10 11 12 13 14 15 | 15.0
Short Blades   | 1 2 4 5 7 9 10 11 12 13 14 15 16 17 18 | 18.5
Long Blades    | 1 2 3 4 5 6 7 8 9 10 11 12 13 | 13.9
Axes           | 1 2 3 4 5 6 7 8 9 10 11 12 13 | 13.9
Maces & Flails | 1 2 3 4 5 6 7 8 9 10 11 12 13 | 13.9
Polearms       | 1 2 3 4 5 6 7 8 9 10 11 12 13 | 13.9
Staves         | 1 2 3 4 5 6 7 8 9 10 11 12 13 | 13.9
Slings         | 1 2 3 4 5 6 7 8 9 10 11 12 13 | 13.9
Crossbows      | 1 2 3 4 5 6 7 8 9 10 11 12 13 | 13.9
Stealth        | 1 2 3 4 5 6 7 8 9 10 11 12 13 | 13.9
Shields        | 1 2 3 4 5 6 7 8 9 10 11 12 13 | 13.9
Unarmed Combat | 1 2 3 4 5 6 7 8 9 10 11 12 13 | 13.9
Spellcasting   | 1 2 3 4 5 6 7 8 9 10 11 12 13 | 13.9
Conjurations   | 1 2 3 4 5 6 7 8 9 10 11 12 | 12.0
Hexes          | 1 2 3 4 5 6 7 8 9 10 11 12 | 12.0
Summonings     | 1 2 3 4 5 6 7 8 9 10 11 12 | 12.1
Necromancy     | 1 2 3 4 5 6 7 8 9 10 11 12 | 12.0
Translocations | 1 2 3 4 5 6 7 8 9 10 11 12 | 12.0
Transmutations | 1 2 3 4 5 6 7 8 9 10 11 12 | 12.0
Fire Magic     | 1 2 3 4 5 6 7 8 9 10 11 12 | 12.0
Ice Magic      | 1 2 3 4 5 6 7 8 9 10 11 12 | 12.0
Air Magic      | 1 2 3 4 5 6 7 8 9 10 11 12 | 12.0
Earth Magic    | 1 2 3 4 5 6 7 8 9 10 11 12 | 12.0
Poison Magic   | 1 2 3 4 5 6 7 8 9 10 11 12 | 12.0
Bows           | 3 4 5 6 7 8 9 10 11 12 13 14 | 14.1
Throwing       | 3 4 5 6 7 8 9 10 11 12 13 14 | 14.1
Dodging        | 3 4 5 6 7 8 9 10 11 12 13 14 | 14.1
Evocations     | 3 4 5 6 7 8 9 10 11 12 13 14 | 14.1
Fighting       | 7 8 9 10 11 12 13 14 15 | 15.1
Armour         | 7 8 9 10 11 12 13 14 15 | 15.1

Action                   |  1- 3 |  4- 6 |  7- 9 | 10-12 | 13-15 | 16-18 | 19-21 || total
-------------------------+-------+-------+-------+-------+-------+-------+-------++-------
Melee: Spear             |    30 |    62 |    85 |       |       |       |       ||   177
       Bite              |     2 |     5 |    22 |    56 |    82 |    49 |    20 ||   236
       Rapier            |       |       |   151 |   380 |   369 |       |       ||   900
       Punch             |       |       |     1 |    12 |    22 |       |       ||    35
       Unarmed           |       |       |       |     3 |     3 |       |       ||     6
       War axe           |       |       |       |    11 |     1 |       |       ||    12
       Short sword       |       |       |       |     6 |       |       |       ||     6
       Long sword        |       |       |       |       |    97 |       |       ||    97
       Double sword      |       |       |       |       |    18 |   247 |    72 ||   337
       Trishula          |       |       |       |       |       |       |    30 ||    30
 Fire: Shortbow          |   103 |    28 |   295 |   428 |   182 |       |       ||  1036
       Hand crossbow     |       |       |       |       |   810 |  1239 |  1009 ||  3058
Throw: Stone             |     1 |     3 |    23 |    10 |    13 |       |       ||    50
       Boomerang         |       |       |       |       |       |     6 |     4 ||    10
 Cast: Summon Lightning  |       |       |       |       |       |    50 |    75 ||   125
       Summon Forest     |       |       |       |       |       |       |    18 ||    18
       Wereblood         |       |       |       |       |       |       |    14 ||    14
       Summon Mana Viper |       |       |       |       |       |       |    55 ||    55
       Shadow Creatures  |       |       |       |       |       |       |     2 ||     2
       Mephitic Cloud    |       |       |       |       |       |       |     4 ||     4
       Blink             |       |       |       |       |       |       |     1 ||     1
Invok: Call Merchant     |       |       |       |     1 |       |       |       ||     1
       Potion Petition   |       |       |       |       |     1 |     1 |       ||     2
       Bribe Branch      |       |       |       |       |     2 |     1 |       ||     3
Evoke: Wand              |       |       |     3 |    14 |    11 |    18 |    11 ||    57
       Tin of tremorston |       |       |       |     3 |     5 |     6 |     5 ||    19
       Lightning rod     |       |       |       |       |       |     8 |     8 ||    16
       Condenser vane    |       |       |       |       |       |     8 |     8 ||    16
       Box of beasts     |       |       |       |       |       |     2 |     3 ||     5
       Phial of floods   |       |       |       |       |       |       |     6 ||     6
  Use: Potion            |       |     1 |     3 |     1 |     3 |     2 |       ||    10
       Scroll            |       |       |    18 |    10 |    12 |    12 |    13 ||    65
 Stab: Invisible         |       |       |       |     1 |       |       |       ||     1
       Distracted        |       |       |       |     1 |       |     3 |     2 ||     6
       Sleeping          |       |       |       |       |       |     2 |       ||     2
       Paralysed         |       |       |       |       |       |       |     3 ||     3
       Confused          |       |       |       |       |       |       |     3 ||     3
Armor: Chain mail        |    50 |    33 |   148 |    56 |       |       |       ||   287
       Plate armour      |    24 |       |       |   301 |   462 |   142 |       ||   929
       Skin              |       |    12 |    15 |    12 |       |       |       ||    39
       Quicksilver drago |       |       |       |       |       |   162 |   168 ||   330
Dodge: Dodged            |    30 |    12 |   113 |   267 |   334 |   363 |   403 ||  1522
Block: Other             |       |       |       |    99 |    59 |       |       ||   158
       Reflection        |       |       |       |     1 |    27 |    82 |    57 ||   167
       Kite shield       |       |       |       |       |   436 |   514 |   400 ||  1350
       Rpst.: Long sword |       |       |       |       |     3 |       |       ||     3
       Double sword      |       |       |       |       |     3 |    18 |     6 ||    27

Table legend: (Time is in decaauts)
 A = Elapsed time spent in this place.
 B = Non-inter-level travel time spent in this place.
 C = Inter-level travel time spent in this place.
 D = Time resting spent in this place.
 E = Time spent auto-exploring this place.
 F = Levels seen in this place.
 G = Mean time per level.
                   A        B        C        D        E       F      G
               +--------+--------+--------+--------+--------+-----+--------+
         Total |  84194 |  80291 |   3903 |  35653 |  27655 |  43 | 1958.0 |
       Dungeon |  24644 |  22851 |   1793 |   9823 |   8058 |  15 | 1642.9 |
          Lair |  16327 |  15274 |   1053 |   8082 |   4895 |   6 | 2721.2 |
        Shoals |   8285 |   8012 |    273 |   3369 |   2483 |   4 | 2071.2 |
     Snake Pit |   6596 |   6446 |    150 |   2351 |   2528 |   4 | 1649.0 |
  Orcish Mines |   6006 |   5758 |    248 |   3047 |   1666 |   2 | 3003.0 |
   Elven Halls |   6897 |   6810 |     87 |   3397 |   1998 |   3 | 2299.0 |
        Vaults |   7832 |   7633 |    199 |   2263 |   3548 |   4 | 1958.0 |
        Depths |   6655 |   6557 |     98 |   3221 |   2104 |   3 | 2218.3 |
         Sewer |    410 |    410 |      0 |     36 |    152 |   1 |  410.0 |
        Bailey |    538 |    538 |      0 |     61 |    219 |   1 |  538.0 |
               +--------+--------+--------+--------+--------+-----+--------+

Top non-repeatable levels by time:
   Orc:2: 5039 daAuts
   Elf:3: 3883 daAuts
  Lair:4: 3836 daAuts
  Lair:1: 3414 daAuts
Depths:2: 3180 daAuts
Vaults:2: 3169 daAuts
Shoals:4: 3092 daAuts
Depths:1: 2879 daAuts
     D:8: 2866 daAuts
  Lair:6: 2756 daAuts
    D:13: 2711 daAuts
     D:7: 2700 daAuts
  Lair:5: 2443 daAuts
     D:3: 2375 daAuts
    D:14: 2336 daAuts
